 Dungeon Crawl Stone Soup version 0.27-a0-46-g34d46f0a3f (webtiles) character file.

Game seed: 2126682156978176249

151921 Boron the Tortoise (level 17, -6/154 HPs)
             Began as a Minotaur Fighter on Jan 6, 2021.
             Was the Champion of Okawaru.
             Mangled by Arachne
             ... wielding an uncursed staff of poison
              (9 damage)
             ... on level 2 of the Spider Nest.
             The game lasted 00:57:54 (25866 turns).

Boron the Tortoise (Minotaur Fighter)              Turns: 25866, Time: 00:57:55

Health: -6/154     AC: 35    Str: 36    XL:     17   Next: 1%
Magic:  25/25      EV:  7    Int:  5    God:    Okawaru [******]
Gold:   2173       SH:  0    Dex: 13    Spells: 16/16 levels left

rFire    + + .     SeeInvis +   y - +6 trident "Worm's Wrath" {elec, rC+ Str+5}
rCold    + + +     Faith    .   S - +0 kite shield of Responsibility {rN+ Dex+4}
rNeg     + . .     Spirit   .   n - +2 crystal plate armour
rPois    +         Reflect  .   L - +2 hat of the Unbroken {rF+ rC+ Stlth+}
rElec    .         Harm     .   R - scarf {rC+ rF+}
rCorr    .         Rampage  .   M - +2 pair of gloves
Will     ++...                  H - +0 pair of boots {Fly}
Stlth    ..........             r - amulet "Fimajiomo" {Fragile rPois Will+ Regen+ Stlth+}
HPRegen  0.75/turn              D - ring of Joewitae {rPois Slay+4}
MPRegen  0.19/turn              x - ring of see invisible

@: flying, held
A: retaliatory headbutt, horns 2, talons 1, high mp 1, strong 1
a: Stop Flying, Renounce Religion, Heroism, Finesse


You were on level 2 of the Spider Nest.
You worshipped Okawaru.
Okawaru was exalted by your worship.
You visited 5 branches of the dungeon, and saw 26 of its levels.
You also visited: Volcano.

You collected 3587 gold pieces.
You spent 1414 gold pieces at shops.

Inventory:

Hand Weapons
 p - a +1 broad axe of flaming
 y - the +6 trident "Worm's Wrath" (weapon) {elec, rC+ Str+5}
   (You found it on level 6 of the Dungeon)

   Occasionally, upon striking a foe, it can discharge electrical energy and
   cause terrible harm.
   It affects your strength (+5).
   It protects you from cold.
 O - a +0 vampiric broad axe
Armour
 n - a +2 crystal plate armour (worn)
 H - a +0 pair of boots of flying (worn)
 L - the +2 hat of the Unbroken (worn) {rF+ rC+ Stlth+}
   (Okawaru gifted it to you on level 11 of the Dungeon)

   It protects you from fire.
   It protects you from cold.
   It makes you more stealthy.
 M - a +2 pair of gloves (worn)
 R - a scarf of resistance (worn)
 S - the +0 kite shield of Responsibility (worn) {rN+ Dex+4}
   (You took it off Donald on level 2 of the Spider Nest)

   It affects your dexterity (+4).
   It protects you from negative energy.
Jewellery
 r - the amulet "Fimajiomo" (around neck) {Fragile rPois Will+ Regen+ Stlth+}
   (You acquired it on level 3 of the Lair of Beasts)

   [amulet of regeneration]

   It protects you from poison.
   It affects your willpower, your defense against some magical effects.
   It increases your rate of regeneration.
   It will be destroyed if unequipped.
   It makes you more stealthy.
 x - a ring of see invisible (right hand)
 D - the ring of Joewitae (left hand) {rPois Slay+4}
   (You found it on level 8 of the Dungeon)

   [ring of slaying]

   It affects your accuracy and damage with ranged weapons and melee attacks
   (+4).
   It protects you from poison.
Wands
 e - a wand of acid (12)
 j - a wand of disintegration (5)
 u - a wand of enslavement (6)
 A - a wand of iceblast (9)
 E - a wand of paralysis (11)
 I - a wand of digging (3)
 J - a wand of flame (26)
Scrolls
 f - 6 scrolls of fear
 h - 3 scrolls of immolation
 k - 3 scrolls of remove curse
 l - 9 scrolls of fog
 o - 4 scrolls of amnesia
 q - 13 scrolls of identify
 s - 6 scrolls of blinking
 w - 6 scrolls of magic mapping
 z - 2 scrolls of summoning
 P - 4 scrolls of teleportation
 U - a scroll of silence
 W - a scroll of holy word
Potions
 a - a potion of invisibility
 c - a potion of haste
 d - 2 potions of might
 g - 9 potions of curing
 i - 6 potions of cancellation
 m - 4 potions of resistance
 t - 5 potions of attraction
 v - 2 potions of mutation
 B - 9 potions of ambrosia
 C - 4 potions of heal wounds
 G - 2 potions of flight
 K - a potion of magic
 N - 4 potions of lignification
 Q - 2 potions of brilliance
Miscellaneous
 b - a phial of floods
 F - a condenser vane
 V - a phantom mirror


   Skills:
 + Level 14.3 Fighting
 + Level 14.2 Axes
 * Level 18.9 Armour
 + Level 12.9 Dodging
 + Level 14.4 Shields
 - Level 10.0 Invocations
 - Level 6.0 Evocations


You had 16 spell levels left.
You didn't know any spells.
Your spell library contained the following spells:

 Spells                   Type           Power        Failure   Level
 Beastly Appendage        Tmut           0%           99%         1
 Foxfire                  Conj/Fire      0%           99%         1
 Magic Dart               Conj           0%           99%         1
 Shock                    Conj/Air       0%           99%         1
 Blink                    Tloc           N/A          100%        2
 Call Imp                 Summ           0%           100%        2
 Ensorcelled Hibernation  Hex/Ice        0%           100%        2
 Slow                     Hex            0%           100%        2
 Swiftness                Air            0%           100%        2
 Wereblood                Tmut           0%           100%        2
 Conjure Flame            Conj/Fire      0%           100%        3
 Inner Flame              Hex/Fire       0%           100%        3
 Mephitic Cloud           Conj/Pois/Air  0%           100%        3
 Spider Form              Tmut/Pois      0%           100%        3
 Static Discharge         Conj/Air       0%           100%        3
 Airstrike                Air            0%           100%        4
 Cause Fear               Hex            0%           100%        4
 Ice Form                 Ice/Tmut       0%           100%        4
 Sticky Flame             Conj/Fire      0%           100%        4
 Blade Hands              Tmut           0%           100%        5
 Bolt of Magma            Conj/Fire/Erth 0%           100%        5
 Borgnjor's Vile Clutch   Necr/Erth      0%           100%        5
 Fireball                 Conj/Fire      0%           100%        5
 Iskenderun's Battlesphe  Conj           0%           100%        5
 Lightning Bolt           Conj/Air       0%           100%        5
 Silence                  Hex/Air        0%           100%        5
 Yara's Violent Unravell  Hex/Tmut       0%           100%        5
 Iron Shot                Conj/Erth      0%           100%        6
 Shadow Creatures         Summ           N/A          100%        6
 Orb of Destruction       Conj           0%           100%        7
 Spellforged Servitor     Conj/Summ      0%           100%        7
 Discord                  Hex            0%           100%        8


Dungeon Overview and Level Annotations

Branches:
Dungeon (15/15)            Temple (1/1) D:4            Lair (6/6) D:9
 Shoals (0/4) Lair:3       Spider (2/4) Lair:3        Slime (0/5) Lair:5
    Orc (2/2) D:12            Elf (0/3) Orc:2        Vaults (0/5) D:14
 Depths (0/5) D:15        Volcano (visited)

Altars:
Cheibriados
Dithmenos
Elyvilon
Fedhas
Hepliaklqana
Kikubaaqudgha
Makhleb
Nemelex Xobeh
Okawaru
Qazlal
Ru
Sif Muna
Trog
Uskayaw
Vehumet
Wu Jian
Xom
Yredelemnul
Zin
The Shining One
Jiyva

Shops:
D:13 [   Orc:2 [?}*!

Portals:
Pandemonium: Orc:2

Annotations:
Spider:2 Arachne


Innate Abilities, Weirdness & Mutations

You reflexively headbutt those who attack you in melee.
You have a pair of horns on your head.
You have sharp toenails.
You have an increased reservoir of magic. (+10% MP)
Your muscles are strong. (Str +2)


Message History

* * * LOW HITPOINT WARNING * * *
The redback bites you but does no damage. x3
The redback bites you.
* * * LOW HITPOINT WARNING * * *
You feel much better. The redback closely misses you. You furiously retaliate!
You headbutt the redback!! Arachne hits you but does no damage.
Arachne envenoms you.
* * * LOW HITPOINT WARNING * * *
The redback bites you but does no damage. x2
The jumping spider leaps!
The redback bites you but does no damage.
The redback bites you!
* * * LOW HITPOINT WARNING * * *
The redback barely misses you. You furiously retaliate!
You headbutt the redback! The redback bites you.
* * * LOW HITPOINT WARNING * * *
Arachne hits you with an uncursed staff of poison.
* * * LOW HITPOINT WARNING * * *
Arachne envenoms you!
You die...

#. .... .#.. .... .
.... #..### H #.#
^... ...#^ # #.#..
##..##... # . .#....
#^(..#.. .#. ≈ ....#
#..sy# ...######
#...[ #ss#### >..#..#
...#### #s@s..#
...... .^.≈...)
#.#H.### #..## .#
##... ###°...#
######..^. .# (..#
#...^.####≈.......#
###^..
##.^#..^###.....#.. #
.^##
#..#..##.#..##.#..
##...#
#..s#.....#..####.^
...#
.^.#.#....##.#≈....#
..##
....###..#..≈###....#


You could see Arachne, a moth of wrath, a jumping spider, a tarantella (berserk)
and 4 redbacks.

Vanquished Creatures
  Asterion (Spider:1)
  A sphinx (D:15)
  Gastronok (Lair:1)
  Donald (Spider:2)
  A storm dragon (D:15)
  Kirke (Lair:5)
  A fire giant (D:15)
  A ghost moth (Spider:1)
  An emperor scorpion (Spider:2)
  An entropy weaver (Spider:1)
  Nessos (D:12)
  A spark wasp (Spider:2)
  Azrael (D:15)
  6 dire elephants (Lair:6)
  The ghost of mokwee the Cleaver, a journeyman MiFi of Okawaru (Lair:5)
  Snorg (Lair:6)
  An ettin (D:15)
  Josephine (Orc:2)
  A fire dragon (D:12)
  Erolcha (D:11)
  9 hydras
  8 vault guards (D:14)
  An anaconda (Lair:6)
  2 boulder beetles (D:11)
  A catoblepas (Lair:5)
  A death knight (D:15)
  14 death yaks
  4 two-headed ogres
  Urug (D:12)
  A hell hog (Volcano)
  9 orc high priests (Orc:2)
  A fire crab (Volcano)
  A gelid demonspawn (Orc:2)
  A lindwurm (Lair:6)
  4 unseen horrors
  An infernal demonspawn (Orc:2)
  A torturous demonspawn (Orc:2)
  A glowing orange brain (D:15)
  4 orc knights (Orc:2)
  6 wolf spiders
  11 ugly things
  6 orb spiders
  13 slime creatures
  20 elephants
  2 manticores
  3 orc sorcerers (Orc:2)
  3 cyclopes
  A torpor snail (Lair:2)
  A molten gargoyle (Volcano)
  A black mamba (shapeshifter) (D:13)
  5 black mambas
  14 cane toads
  3 centaur skeletons
  A gargoyle (D:11)
  A rime drake (Lair:5)
  10 komodo dragons
  A komodo dragon (shapeshifter) (D:12)
  3 kobold demonologists (D:13)
  3 freezing wraiths
  2 hellwings (Orc:2)
  3 demonic crawlers (Spider:1)
  A red devil (Orc:2)
  9 meliai
  2 tengu conjurers (D:14)
  A queen bee (Lair:5)
  7 trolls
  9 jumping spiders
  5 hornets
  5 polar bears
  A raiju (shapeshifter) (D:15)
  A meliai zombie (D:14)
  Prince Ribbit (D:9)
  16 blink frogs
  2 spriggans (Lair:3)
  A spriggan (shapeshifter) (D:15)
  Sigmund (D:6)
  22 redbacks
  3 water elementals (D:15)
  9 wraiths
  A shadow (D:12)
  9 wyverns
  64 yaks
  6 tarantellas
  5 basilisks
  A wyvern (shapeshifter) (D:15)
  A ynoxinul (Orc:2)
  8 fire bats (Volcano)
  6 hogs (Lair:5)
  5 fire elementals (D:15)
  4 vampire mosquitoes (D:14)
  4 wargs (Orc:1)
  2 steam dragons
  A swamp worm (shapeshifter) (D:15)
  An acid dragon (D:15)
  15 water moccasins
  6 hell hounds
  A soldier ant (D:12)
  5 ice beasts
  5 sky beasts
  4 black bears
  24 orc warriors
  2 phantoms
  An eye of draining (D:15)
  17 wolves
  12 ogres
  19 centaurs
  2 necrophages
  4 big kobolds
  A gnoll sergeant (D:9)
  22 bullfrogs
  5 scorpions
  23 killer bees (Lair:5)
  A wyvern skeleton (D:9)
  16 wights
  4 electric eels
  2 bullfrog zombies
  9 howler monkeys
  4 lava snakes (Volcano)
  5 centaur zombies
  2 gnoll shamans (Orc:2)
  Crazy Yiuf (D:7)
  21 orc priests
  6 hounds
  5 jellies
  A bullfrog skeleton (D:11)
  Ijyb (D:4)
  8 iguanas
  12 worker ants
  25 orc wizards
  4 hell rats (Lair:4)
  A worker ant zombie (D:11)
  16 gnolls
  12 adders
  2 shadow imps
  4 white imps
  4 ufetubi
  An ooze (D:3)
  An adder skeleton (D:7)
  2 worms (D:2)
  A dart slug (D:1)
  4 leopard geckos
  94 orcs
  7 bats
  4 giant cockroaches
  10 hobgoblins
  13 jackals
  5 quokkas
  3 ball pythons
  6 frilled lizards
  8 goblins
  10 kobolds
  A quokka skeleton (D:4)
  5 rats
926 creatures vanquished.

Vanquished Creatures (others)
  A harpy skeleton (D:15)
  A tarantella (Spider:1)
  28 fungi
  28 plants
58 creatures vanquished.

Grand Total: 984 creatures vanquished

Notes
Turn   | Place    | Note
-------+----------+-------------------------------------------
     0 | D:1      | Boron the Minotaur Fighter began the quest for the Orb.
     0 | D:1      | Reached XP level 1. HP: 19/19 MP: 0/0
   424 | D:1      | Reached XP level 2. HP: 27/27 MP: 1/1
   730 | D:2      | Reached skill level 1 in Dodging
   733 | D:2      | Reached XP level 3. HP: 30/33 MP: 2/2
   789 | D:2      | Reached skill level 4 in Armour
   823 | D:2      | Noticed an ogre
   831 | D:2      | Killed an ogre
   832 | D:2      | Reached XP level 4. HP: 24/41 MP: 3/3
   981 | D:2      | Reached XP level 5. HP: 47/47 MP: 4/4
  1264 | D:2      | Found a faded altar of an unknown god.
  1623 | D:3      | Found a burning altar of Makhleb.
  1823 | D:3      | Found a stormy altar of Qazlal.
  1852 | D:3      | Reached XP level 6. HP: 35/55 MP: 5/5
  2577 | D:4      | Got a shimmering ring mail
  2578 | D:4      | Identified the cursed +0 ring mail "Agerchy" {rC+ Will+}
                  | (You found it on level 4 of the Dungeon)
  2594 | D:4      | Noticed Ijyb
  2598 | D:4      | Killed Ijyb
  2599 | D:4      | Reached skill level 5 in Armour
  2599 | D:4      | Reached skill level 5 in Shields
  2682 | D:4      | Reached skill level 5 in Fighting
  2706 | D:4      | Found a staircase to the Ecumenical Temple.
  2719 | Temple   | Entered the Ecumenical Temple
  2834 | Temple   | Became a worshipper of Warmaster Okawaru
  2949 | D:4      | Noticed a troll
  2958 | D:4      | Killed a troll
  2959 | D:4      | Reached skill level 1 in Invocations
  2959 | D:4      | Reached XP level 7. HP: 29/61 MP: 6/6
  3348 | D:5      | Entered Level 5 of the Dungeon
  3659 | D:5      | Reached skill level 6 in Armour
  3784 | D:5      | Reached * piety under Okawaru
  4144 | D:6      | Gained mutation: You have an increased reservoir of magic.
                  | (+10% MP) [potion of mutation]
  4144 | D:6      | Gained mutation: You have sharp toenails. [potion of
                  | mutation]
  4144 | D:6      | Gained mutation: Your muscles are strong. (Str +2) [potion
                  | of mutation]
  4343 | D:6      | Noticed Sigmund
  4352 | D:6      | Killed Sigmund
  4353 | D:6      | Reached skill level 5 in Axes
  4353 | D:6      | Reached XP level 8. HP: 67/70 MP: 9/9
  4430 | D:6      | Got a glimmering trident
  4431 | D:6      | Identified the +6 trident "Worm's Wrath" {elec, rC+ Str+5}
                  | (You found it on level 6 of the Dungeon)
  4629 | D:7      | Found a runed translucent door.
  4630 | D:7      | Noticed Crazy Yiuf
  4635 | D:7      | Killed Crazy Yiuf
  4701 | D:7      | Reached skill level 7 in Armour
  4717 | D:7      | Reached ** piety under Okawaru
  4875 | D:7      | Reached skill level 8 in Armour
  4876 | D:7      | Reached *** piety under Okawaru
  4880 | D:7      | Reached XP level 9. HP: 71/78 MP: 11/11
  4956 | D:7      | Reached skill level 5 in Dodging
  5660 | D:8      | Reached skill level 9 in Armour
  5686 | D:8      | Noticed a cyan ugly thing
  5707 | D:8      | Killed a cyan ugly thing
  5711 | D:8      | Reached **** piety under Okawaru
  5938 | D:8      | Reached XP level 10. HP: 88/88 MP: 13/13
  6097 | D:8      | Got a scintillating silver ring
  6372 | D:9      | Found a staircase to the Lair.
  6383 | D:9      | Reached skill level 5 in Invocations
  6424 | D:9      | Reached ***** piety under Okawaru
  6425 | D:9      | Reached skill level 10 in Armour
  6630 | D:9      | Noticed Prince Ribbit
  6643 | D:9      | Killed Prince Ribbit
  6700 | D:9      | Found a blossoming altar of Fedhas.
  6790 | D:9      | You are sucked into a shaft and drop 3 floors!
  6812 | D:11     | Noticed a cyan ugly thing
  7199 | D:12     | Noticed a four-headed hydra
  7214 | D:12     | Killed a four-headed hydra
  7214 | D:12     | Received a gift from Okawaru
  7293 | D:12     | Found a staircase to the Orcish Mines.
  7344 | D:12     | Reached skill level 11 in Armour
  7422 | D:12     | Received a gift from Okawaru
  7423 | D:12     | Reached XP level 11. HP: 95/95 MP: 15/15
  7423 | D:12     | Found the +7 Kryia's mail coat {PotionHeal*2 rC+}
  7639 | D:12     | Noticed Nessos
  7659 | D:12     | Killed Nessos
  7937 | D:12     | Noticed Urug
  7948 | D:12     | Killed Urug
  8020 | D:12     | Reached ****** piety under Okawaru
  8539 | D:12     | Noticed a purple ugly thing
  8553 | D:12     | Killed a purple ugly thing
  8554 | D:12     | Reached skill level 12 in Armour
  8692 | D:12     | Noticed a fire dragon
  8692 | D:12     | Noticed an eight-headed hydra
  8706 | D:12     | Killed a fire dragon
  8720 | D:12     | Killed an eight-headed hydra
  8744 | D:12     | Reached XP level 12. HP: 43/106 MP: 16/18
  9102 | D:11     | Noticed a boulder beetle
  9402 | D:11     | Reached skill level 10 in Shields
  9463 | D:11     | Noticed Erolcha
  9467 | D:11     | Killed Erolcha
  9468 | D:11     | Reached skill level 10 in Fighting
  9745 | D:11     | Identified the ring of Joewitae {rPois Slay+4} (You found
                  | it on level 8 of the Dungeon)
  9884 | D:11     | Received a gift from Okawaru
  9885 | D:11     | Reached skill level 13 in Armour
  9887 | D:11     | Got a faintly humming hat {god gift}
  9893 | D:11     | Identified the +2 hat of the Unbroken {rF+ rC+ Stlth+}
                  | (Okawaru gifted it to you on level 11 of the Dungeon)
 10160 | D:11     | Killed a boulder beetle
 10194 | D:11     | Noticed a boulder beetle
 10220 | D:11     | Killed a boulder beetle
 10731 | D:10     | Entered Level 10 of the Dungeon
 10907 | D:10     | Reached skill level 10 in Axes
 10927 | D:10     | Noticed a two-headed ogre
 10947 | D:10     | Killed a two-headed ogre
 11018 | D:10     | Reached skill level 1 in Evocations
 11152 | D:10     | Noticed an eight-headed hydra
 11161 | D:10     | Killed an eight-headed hydra
 12050 | D:13     | Found Magruj's Antique Armour Shop.
 12087 | D:13     | Found the +8 arc blade {discharge, rElec}
 12227 | D:13     | Reached XP level 13. HP: 114/114 MP: 20/20
 12246 | D:13     | Received a gift from Okawaru
 12253 | D:13     | Reached skill level 14 in Armour
 13288 | D:14     | Found a gate to the Vaults.
 13458 | D:14     | Received a gift from Okawaru
 13479 | D:14     | Got a pair of faintly humming boots {god gift}
 13489 | D:14     | Identified the -5 pair of boots of Weuboaz {MP+9} (Okawaru
                  | gifted it to you on level 14 of the Dungeon)
 13910 | Lair:1   | Entered Level 1 of the Lair of Beasts
 13979 | Lair:1   | Reached skill level 10 in Dodging
 14153 | Lair:1   | Reached skill level 15 in Armour
 14187 | Lair:1   | Found a hazy altar of Hepliaklqana.
 14264 | Lair:1   | Noticed Gastronok
 14289 | Lair:1   | Killed Gastronok
 14290 | Lair:1   | Reached XP level 14. HP: 119/124 MP: 21/21
 14454 | Lair:1   | Received a gift from Okawaru
 14905 | Lair:2   | Found a dark tunnel.
 14915 | Volcano  | Entered a volcano
 15088 | Volcano  | Found a burning altar of Makhleb.
 16074 | Lair:3   | Found a staircase to the Shoals.
 16077 | Lair:3   | Found a hole to the Spider Nest.
 16206 | Lair:3   | Reached skill level 5 in Evocations
 16334 | Lair:3   | Identified a scroll of acquirement
 16334 | Lair:3   | Acquired the amulet "Fimajiomo" {Fragile rPois Will+ Regen+
                  | Stlth+}
 16613 | Lair:3   | Found a shimmering altar of Xom.
 17010 | Lair:4   | Received a gift from Okawaru
 17026 | Lair:4   | Reached skill level 16 in Armour
 17906 | Lair:5   | Found a runed translucent door.
 18058 | Lair:5   | Reached XP level 15. HP: 121/134 MP: 23/23
 18072 | Lair:5   | Reached skill level 10 in Invocations
 18199 | Lair:5   | Noticed Kirke
 18220 | Lair:5   | Killed Kirke
 18763 | Lair:5   | Found a viscous altar of Jiyva.
 18763 | Lair:5   | Found a staircase to the Slime Pits.
 18965 | Lair:5   | Noticed mokwee's ghost (journeyman MiFi)
 18984 | Lair:5   | Killed mokwee's ghost
 19035 | Lair:6   | Entered Level 6 of the Lair of Beasts
 19433 | Lair:6   | Noticed Snorg
 19446 | Lair:6   | Killed Snorg
 19552 | Lair:6   | Got an ancient war axe
 19553 | Lair:6   | Identified the +0 war axe of Division {freeze, Str+3 Int+2}
                  | (You found it on level 6 of the Lair of Beasts)
 19637 | Lair:6   | Received a gift from Okawaru
 19643 | Lair:6   | Reached skill level 17 in Armour
 20349 | Lair:6   | Received a gift from Okawaru
 20957 | Orc:1    | Entered Level 1 of the Orcish Mines
 21260 | Orc:2    | Entered Level 2 of the Orcish Mines
 21272 | Orc:2    | Noticed Josephine
 21293 | Orc:2    | Killed Josephine
 21506 | Orc:2    | Found Reenta's Distillery.
 21515 | Orc:2    | Bought a potion of curing for 36 gold pieces
 21515 | Orc:2    | Bought a potion of curing for 36 gold pieces
 21585 | Orc:2    | Found a staircase to the Elven Halls.
 21744 | Orc:2    | Found Duxium's General Store.
 21789 | Orc:2    | Reached XP level 16. HP: 116/143 MP: 24/24
 21828 | Orc:2    | Found Qeloink's Magic Scroll Boutique.
 21859 | Orc:2    | Bought a scroll of remove curse for 51 gold pieces
 21861 | Orc:2    | Bought a scroll of acquirement for 884 gold pieces
 21861 | Orc:2    | Bought a scroll of blinking for 127 gold pieces
 21861 | Orc:2    | Bought a scroll of holy word for 127 gold pieces
 21861 | Orc:2    | Bought a scroll of identify for 34 gold pieces
 21861 | Orc:2    | Bought a scroll of identify for 34 gold pieces
 21861 | Orc:2    | Bought a scroll of teleportation for 51 gold pieces
 21861 | Orc:2    | Bought a scroll of identify for 34 gold pieces
 21861 | Orc:2    | Acquired 741 gold pieces
 22143 | Orc:2    | Found Qarix's Antique Armour Shoppe.
 22143 | Orc:2    | Found Syri Zee's Gadget Emporium.
 22143 | Orc:2    | Found a one-way gate leading to the halls of Pandemonium.
 22553 | D:15     | Entered Level 15 of the Dungeon
 22737 | D:15     | Reached skill level 18 in Armour
 22886 | D:15     | Found a staircase to the Depths.
 23078 | D:15     | Received a gift from Okawaru
 23601 | D:15     | Noticed Azrael
 23622 | D:15     | Killed Azrael
 23686 | D:15     | Noticed a sphinx
 23687 | D:15     | Found the +12 glaive of Prune {vorpal}
 23688 | D:15     | Noticed a storm dragon
 23886 | D:15     | Killed a sphinx
 23901 | D:15     | Killed a storm dragon
 24544 | Spider:1 | Entered Level 1 of the Spider Nest
 24893 | Spider:1 | Noticed Asterion
 24909 | Spider:1 | Killed Asterion
 25052 | Spider:1 | Received a gift from Okawaru
 25553 | Spider:2 | Identified the +0 kite shield of Responsibility {rN+ Dex+4}
 25553 | Spider:2 | Noticed Donald
 25738 | Spider:2 | Killed Donald
 25813 | Spider:2 | Noticed Arachne
 25858 | Spider:2 | Reached XP level 17. HP: 94/154 MP: 25/25
 25865 | Spider:2 | HP: 6/154 [redback (3)]
 25866 | Spider:2 | Mangled by Arachne

Illustrated notes

Levels and vault maps discovered:
D:1:      mainiacjoe_arrival_reflecting_pool, layout_loops_ring
D:2:      minmay_inner_zag, layout_basic, chequers_ecumenical_altar_simple,
          serial_aquarium, aquarium_bridge_island_small
          [aquarium_subvault_small_water, aquarium_subvault_bridge,
          aquarium_subvault_balcony, aquarium_subvault_balcony,
          aquarium_subvault_window], aquarium_bridge_square
          [aquarium_subvault_wall, aquarium_subvault_window,
          aquarium_subvault_bridge, aquarium_subvault_window],
          aquarium_window_1, aquarium_window_corridor_3, aquarium_window_fake,
          aquarium_view_2a, aquarium_view_2d, aquarium_balcony_1b,
          aquarium_pool_2
D:3:      layout_loops_cross, old_standard_altar, lemuel_altar_in_water
D:4:      layout_loops_cross, minmay_temple_entry_stoned_glass, uniq_ijyb
D:5:      layout_loops_ring
D:6:      layout_loops_ring, uniq_sigmund
D:7:      layout_cave_pools, serial_rivers, chequers_serial_rivers_small_3,
          chequers_serial_rivers_marsh, chequers_serial_rivers_room_a,
          chequers_serial_rivers_small_a, chequers_serial_rivers_micro_a,
          chequers_serial_rivers_room_b, grunt_ministairs_9,
          minmay_fountain_box, uniq_crazy_yiuf_cottage
D:8:      layout_basic
D:9:      layout_roguey, lair_entry_dummy, fedhas_altar_3, uniq_prince_ribbit1
D:10:     layout_basic, special_room [special_room_orc]
D:11:     layout_gridville, uniq_erolcha
D:12:     minmay_chambers_of_sevens, layout_cave_pods, david_orc_4, uniq_nessos,
          uniq_urug
D:13:     layout_loops_ring, serial_shops, nicolae_shop_statue_plus
D:14:     layout_loops_ring, erik_vaults_2, glass_columns_a
D:15:     gammafunk_enter_depths_forms, layout_basic,
          roderic_lattice_octagonal_star, minmay_diamond_spiral, uniq_azrael
Temple:   kilobyte_greek_temple
Lair:1:   layout_regular_city, amcnicky_altar_gilded, serial_bayou_shore_b,
          grunt_megastairs_4, uniq_gastronok
Lair:2:   layout_regular_city, nicolae_volcano_entry_two_sided,
          grunt_forest_large_clearing_hut
Lair:3:   layout_regular_city, shoals_dummy_entry,
          nicolae_spider_entry_tight_spaces, basic_altar, forest_entry_grove
Lair:4:   layout_cave_pods
Lair:5:   layout_hall_layers, dpeg_slime_entry_enclosed_altar, special_room
          [special_room_bee], ebering_ghost_reflecting_pool, uniq_kirke
Lair:6:   due_jungle_book, layout_cellular_growth, uniq_snorg
Spider:1: layout_spider_delve, guppyfry_hornet_nest, uniq_asterion
Spider:2: layout_spider_delve, drop_trap, uniq_arachne, uniq_donald
Orc:1:    layout_caves
Orc:2:    pf_orc_diabolical, layout_caves, serial_shops, shop, uniq_josephine

Skill      XL: |  1  2  3  4  5  6  7  8  9 10 11 12 13 14 15 16 |
---------------+-------------------------------------------------+-----
Fighting       | 4 5 6 7 8 9 10 11 12 13 14 | 14.3
Dodging        | 1 2 3 4 6 7 8 9 10 11 12 | 12.9
Shields        | 4 5 6 7 8 9 10 11 12 13 14 | 14.4
Axes           | 3 4 5 6 7 8 9 10 11 12 13 14 | 14.2
Armour         | 4 5 6 8 9 11 12 13 15 16 17 18 | 18.9
Invocations    | 1 2 3 4 5 7 8 9 10 | 10.0
Evocations     | 2 4 5 6 |  6.0

Action                   |  1- 3 |  4- 6 |  7- 9 | 10-12 | 13-15 | 16-18 || total
-------------------------+-------+-------+-------+-------+-------+-------++-------
Melee: War axe           |    57 |   140 |    68 |    11 |       |       ||   276
       Headbutt          |    12 |    29 |    39 |   130 |   325 |   152 ||   687
       Kick              |       |       |    44 |    13 |       |       ||    57
       Trident           |       |       |   166 |   602 |  1269 |   569 ||  2606
Invok: Finesse           |       |       |       |     1 |     1 |       ||     2
       Heroism           |       |       |       |       |     1 |     1 ||     2
Evoke: Wand              |       |       |       |     1 |     5 |     2 ||     8
       Condenser vane    |       |       |       |       |     1 |     1 ||     2
  Use: Scroll            |       |    11 |     7 |    10 |     9 |     3 ||    40
       Potion            |       |     2 |     1 |     8 |     1 |     2 ||    14
 Stab: Paralysed         |       |       |       |     7 |       |       ||     7
       Confused          |       |       |       |       |       |     2 ||     2
Armor: Scale mail        |    25 |    46 |       |       |       |       ||    71
       Crystal plate arm |       |    15 |   112 |   355 |   622 |   275 ||  1379
Dodge: Dodged            |    19 |    47 |    26 |   120 |   425 |   186 ||   823
Block: Kite shield       |    29 |    95 |    93 |   307 |   810 |   325 ||  1659

Table legend: (Time is in decaauts)
 A = Elapsed time spent in this place.
 B = Non-inter-level travel time spent in this place.
 C = Inter-level travel time spent in this place.
 D = Time resting spent in this place.
 E = Time spent auto-exploring this place.
 F = Levels seen in this place.
 G = Mean time per level.
                   A        B        C        D        E       F      G
               +--------+--------+--------+--------+--------+-----+--------+
         Total |  25873 |  24175 |   1698 |   3357 |  15065 |  27 |  958.3 |
       Dungeon |  16071 |  14928 |   1143 |   2430 |   9351 |  15 | 1071.4 |
        Temple |    149 |    115 |     34 |      0 |    105 |   1 |  149.0 |
          Lair |   6652 |   6316 |    336 |    377 |   4393 |   6 | 1108.7 |
   Spider Nest |   1291 |   1248 |     43 |    428 |    459 |   2 |  645.5 |
  Orcish Mines |   1477 |   1336 |    141 |    122 |    730 |   2 |  738.5 |
       Volcano |    231 |    231 |      0 |      0 |     27 |   1 |  231.0 |
               +--------+--------+--------+--------+--------+-----+--------+

Top non-repeatable levels by time:
    D:12: 2624 daAuts
    D:15: 1772 daAuts
  Lair:6: 1662 daAuts
    D:11: 1626 daAuts
  Lair:5: 1169 daAuts
    D:13: 1101 daAuts
  Lair:3: 1082 daAuts
Spider:1: 1068 daAuts
  Lair:1: 985 daAuts
     D:7: 982 daAuts
     D:2: 978 daAuts
   Orc:2: 974 daAuts
    D:14: 951 daAuts
  Lair:4: 926 daAuts
     D:3: 883 daAuts
